 Dungeon Crawl Stone Soup version 0.29.1-15-g9cfb28693d (webtiles) character file.

Game seed: 2099565918064954717

854 Descartes the Shield-Bearer (level 8, -9/58 HPs)
             Began as a Formicid Fighter on Apr 1, 2023.
             Shot with an arrow by a centaur (13 damage)
             ... on level 6 of the Dungeon.
             The game lasted 00:06:59 (4884 turns).

Descartes the Shield-Bearer (Formicid Fighter)      Turns: 4884, Time: 00:06:59

Health: -9/58      AC:  9    Str: 24    XL:     8   Next: 21%
Magic:  8/8        EV: 11    Int: 17    God:
Gold:   220        SH: 11    Dex: 15    Spells: 7/7 levels left

rFire   + . .      SeeInvis +   K - +2 whip (vamp)
rCold   . . .      Faith    .   c - +0 buckler
rNeg    + + .      Spirit   .   b - +2 robe "Tinesafi" {rPois rF+ Int+4 Dex+2}
rPois   +          Reflect  +   (helmet unavailable)
rElec   .          Harm     .   (no cloak)
rCorr   .          Rampage  .   (no gloves)
Will    .....                   m - +0 pair of boots
Stlth   ++........              G - amulet "Fivvurua" {Reflect Drain rN++ SH+5 Stlth+}
HPRegen 0.19/turn               B - +4 ring of protection
MPRegen 0.11/turn               A - +6 ring of intelligence

@: no status effects
A: permanent stasis, dig shafts and tunnels, antennae 3, four strong arms
a: Dig, Shaft Self


You were on level 6 of the Dungeon.
You visited 1 branch of the dungeon, and saw 6 of its levels.

You collected 220 gold pieces.

Inventory:

Hand Weapons
 a - a +0 war axe
 i - a +4 long sword
 C - a +1 vorpal hand axe
 K - a +2 vampiric whip (weapon)
Missiles
 o - 4 poisoned darts
 D - 2 atropa-tipped darts
Armour
 b - the +2 robe "Tinesafi" (worn) {rPois rF+ Int+4 Dex+2}
   (You found it on level 3 of the Dungeon)

   Int:       It affects your intelligence (+4).
   Dex:       It affects your dexterity (+2).
   rF:        It protects you from fire.
   rPois:     It protects you from poison.
 c - a +0 buckler (worn)
 g - a +0 chain mail
 m - a +0 pair of boots (worn)
Jewellery
 A - a +6 ring of intelligence (right hand)
 B - a +4 ring of protection (left hand)
 G - the amulet "Fivvurua" (around neck) {Reflect Drain rN++ SH+5 Stlth+}
   (You found it on level 3 of the Dungeon)

   [amulet of reflection]

   It reflects blocked missile attacks.
   rN:        It greatly protects you from negative energy.
   Drain:     It drains your maximum health when unequipped.
   SH:        It affects your SH (+5).
   Stlth:     It makes you more stealthy.
 I - a +4 ring of protection
Wands
 J - a wand of iceblast (16)
Scrolls
 h - 4 scrolls of identify {unknown}
 j - 4 scrolls of teleportation {unknown}
 k - 2 scrolls of immolation {unknown}
 n - a scroll of amnesia {unknown}
 u - 3 scrolls of magic mapping {unknown}
 v - a scroll of butterflies {unknown}
 y - a scroll of summoning {unknown}
 F - a scroll of acquirement {unknown}
 H - a scroll of enchant weapon {unknown}
Potions
 d - 3 potions of might
 e - a potion of ambrosia {unknown}
 f - a potion of mutation {unknown}
 l - 2 potions of haste {unknown}
 p - a potion of degeneration {unknown}
 q - a potion of lignification {unknown}
 r - a potion of invisibility {unknown}
 s - 4 potions of curing {unknown}
 t - 4 potions of heal wounds {unknown}
 w - a potion of magic {unknown}
 x - 3 potions of attraction {unknown}
 z - a potion of flight {unknown}
 E - a potion of cancellation {unknown}


   Skills:
 - Level 3.2 Fighting
 + Level 4.7 Axes
 + Level 5.8 Armour
 + Level 6.9 Shields
 + Level 5.0 Earth Magic


You had 7 spell levels left.
You didn't know any spells.
Your spell library contained the following spells:

 Spells                   Type           Power      Damage    Failure   Level
 Static Discharge         Conj/Air       0%         3-3/arc   38%         2
 Dispel Undead            Necr           0%         3d6       95%         4
 Sticky Flame             Conj/Fire      0%         2d3       95%         4


Dungeon Overview and Level Annotations

Branches:
Dungeon (6/15)
 Temple: D:4-7

Altars:
Uskayaw


Innate Abilities, Weirdness & Mutations

You cannot be hasted, slowed, berserked, paralysed or teleported.
You can dig through walls and to a lower floor.
You have a pair of large antennae on your head. (SInv)
Your four strong arms can wield two-handed weapons with a shield.


Message History

A centaur is nearby!
An iguana comes into view.
The iguana hisses angrily.
An orc priest comes into view. It is wielding a +0 club.
An orc priest comes into view. It is wielding a +0 morningstar.
The orc priest shouts! x2
You hit the iguana.
The iguana is lightly wounded.
You hear a shout!
The centaur shouts!
You hit the iguana but do no damage.
The iguana is lightly wounded.
The centaur wields a +0 shortbow.
The centaur shoots an arrow.
The arrow hits you.
The orc priest looks encouraged for a moment.
The iguana bites you.
You hit the iguana.
The iguana is moderately wounded.
The centaur shoots an arrow.
The arrow completely misses you.
A centaur comes into view.
The iguana hisses menacingly.
You block the iguana's attack.
The centaur shoots an arrow.
The arrow hits you. The iguana attacks as you move away!
You block the iguana's attack.
The centaur shoots an arrow.
The arrow hits you!
You hear a shout!
The centaur shoots an arrow.
The arrow closely misses you.
The orc priest calls down the wrath of Beogh upon you.
Beogh smites you!
The centaur shoots an arrow.
The arrow hits you.
The centaur shoots an arrow.
The arrow hits you!
* * * LOW HITPOINT WARNING * * *
The centaur shoots an arrow.
The arrow closely misses you.
The centaur shoots an arrow.
You reflect the arrow off an invisible shield around you!
The arrow hits the centaur!
The orc priest mumbles some strange prayers to Beogh against you.
Beogh smites you!
* * * LOW HITPOINT WARNING * * *
The orc priest begins to cast a cantrip, but forgets the words!
The centaur shoots an arrow.
The arrow hits you!
You die...

#..##........... .
##......##.....>
..##..co#.).#......
.......o##........#
......#............
###...#...#..##.....
##.....#..##.........
#....................
#........@...##....(.
...........### #.....
#....).<....# .#...
##..........#.. #...
##............. .
##.#.....#...#
###.).......#
#.###.#...# ..{
###..#


You could see a centaur and 2 orc priests.

Vanquished Creatures
  An ogre (D:6)
  2 phantoms (D:5)
  2 scorpions
  A wight (D:6)
  A hound (D:5)
  A gnoll bouda (D:5)
  2 jellies
  2 iguanas (D:5)
  Terence (D:2)
  An orc wizard (D:5)
  Robin (D:2)
  7 adders
  4 gnolls (D:5)
  An ufetubus (D:5)
  4 dart slugs
  10 orcs
  8 ball pythons
  3 endoplasms
  4 giant cockroaches
  11 goblins
  11 hobgoblins
  2 jackals (D:1)
  2 quokkas
  7 bats
  5 frilled lizards
  7 kobolds
  10 rats
111 creatures vanquished.

Notes
Turn   | Place    | Note
-------+----------+-------------------------------------------
     0 | D:1      | Descartes the Formicid Fighter began the quest for the Orb.
     0 | D:1      | Reached XP level 1. HP: 18/18 MP: 1/1
    72 | D:1      | Reached XP level 2. HP: 20/24 MP: 2/2
   229 | D:1      | Reached skill level 1 in Earth Magic
   416 | D:1      | Reached XP level 3. HP: 20/29 MP: 3/3
  1017 | D:2      | Reached XP level 4. HP: 35/35 MP: 4/4
  1135 | D:2      | Noticed Terence
  1141 | D:2      | Killed Terence
  1227 | D:2      | Reached XP level 5. HP: 41/41 MP: 5/5
  1465 | D:2      | You fall into a shaft and drop 1 floor!
  1489 | D:3      | Reached skill level 5 in Shields
  1653 | D:2      | Found a faded altar of an unknown god.
  1762 | D:2      | Noticed Robin
  1769 | D:2      | Killed Robin
  2449 | D:3      | Identified the amulet "Fivvurua" {Reflect Drain rN++ SH+5
                  | Stlth+}
  2663 | D:3      | Identified the +2 robe "Tinesafi" {rPois rF+ Int+4 Dex+2}
  2868 | D:4      | Reached XP level 6. HP: 42/47 MP: 6/6
  3205 | D:4      | Found a hide-covered altar of Uskayaw.
  3677 | D:5      | Entered Level 5 of the Dungeon
  3772 | D:5      | Identified the +5 flail of Riegiv {vamp, Dex+6}
  3851 | D:5      | Reached XP level 7. HP: 9/52 MP: 7/7
  4084 | D:5      | Reached skill level 5 in Armour
  4084 | D:5      | Reached skill level 6 in Shields
  4770 | D:5      | Reached XP level 8. HP: 51/58 MP: 8/8
  4855 | D:6      | Reached skill level 5 in Earth Magic
  4884 | D:6      | Shot with an arrow by a centaur

Illustrated notes

Levels and vault maps discovered:
D:1:      doesnt_arrival_eight_statues, layout_basic, minmay_octomino_j4
D:2:      layout_basic, ebering_ecumenical_altar_abandoned, uniq_terence,
          uniq_robin
D:3:      layout_basic
D:4:      layout_basic, mainiacjoe_overflow_catwalk, minmay_misc_feat_five,
          kennysheep_generic_room_10
D:5:      layout_loops_ring, serial_bayou_pond_e
D:6:      layout_cave_pools, lemuel_mausoleum_altar_yredelemnul,
          minmay_temple_entry_slanted, minmay_manual_mares, uniq_duvessa

Skill      XL: |  1  2  3  4  5  6  7  8 |
---------------+-------------------------+-----
Earth Magic    | 1 2 3 4 5 |  5.0
Armour         | 4 5 |  5.8
Axes           | 3 4 |  4.7
Shields        | 5 6 |  6.9
Fighting       | |  3.2

Action                   |  1- 3 |  4- 6 |  7- 9 || total
-------------------------+-------+-------+-------++-------
Melee: War axe           |    59 |       |       ||    59
       Long sword        |    39 |   161 |    44 ||   244
       Whip              |       |       |    66 ||    66
 Stab: Sleeping          |       |     3 |       ||     3
Armor: Chain mail        |    79 |    60 |       ||   139
       Robe              |       |    33 |    19 ||    52
Dodge: Dodged            |    36 |    76 |    44 ||   156
Block: Buckler           |    31 |   109 |    42 ||   182
       Reflection        |       |     3 |     1 ||     4
